 Dungeon Crawl Stone Soup version 0.22-a0-772-gac08f70 (webtiles) character file.

8 Amnesiac the Digger (level 2, 9/19 HPs)
             Began as a Demonspawn Earth Elementalist on July 17, 2018.
             Quit the game on level 1 of the Dungeon.
             The game lasted 00:00:35 (101 turns).

Amnesiac the Digger (Demonspawn Earth Elementalist)  Turns: 101, Time: 00:00:36

Health: 9/19       AC:  2    Str:  8    XL:     2   Next: 0%
Magic:  1/5        EV: 12    Int: 16    God:
Gold:   14         SH:  0    Dex: 13    Spells: 5/6 levels left

rFire    . . .     SeeInvis .   a - +0 club
rCold    . . .     Gourm    .   (no shield)
rNeg     . . .     Faith    .   c - +0 robe
rPois    .         Spirit   .   (helmet restricted)
rElec    .         Reflect  .   (no cloak)
rCorr    .         Harm     .   (no gloves)
MR       .....                  (no boots)
Stlth    ++........             (no amulet)
HPRegen  0.06/turn              (no ring)
MPRegen  0.09/turn              (no ring)

@: no status effects
A: horns 1
a: no special abilities


You were on level 1 of the Dungeon.
You were not hungry.

You visited 1 branch of the dungeon, and saw 1 of its levels.

You collected 14 gold pieces.

Inventory:

Hand Weapons
 a - a +0 club (weapon)
Missiles
 b - 27 stones (quivered)
Armour
 c - a +0 robe (worn)
Comestibles
 d - a ration


   Skills:
 - Level 1.7 Dodging
 + Level 1.7 Stealth
 + Level 2.6 Spellcasting
   Level 0.8 Transmutations
 + Level 2.6 Earth Magic


You had 5 spell levels left.
You knew the following spells:

 Your Spells              Type           Power        Failure   Level  Hunger
a - Sandblast             Erth           ##....       6%          1    #......

Your spell library contained the following spells:

 Spells                   Type           Power        Failure   Level  Hunger
 Stone Arrow              Conj/Erth      #.....       32%         3    ###....
 Passwall                 Tmut/Erth      #.......     14%         2    ##.....
 Lee's Rapid Deconstruct  Erth           ##........   87%         5    ######.
 Petrify                  Tmut/Erth      #.......     67%         4    #####..


Dungeon Overview and Level Annotations

Branches:
Dungeon (1/15)

Altars:


Innate Abilities, Weirdness & Mutations

You have a pair of small horns on your head.


Message History

Found a stone staircase leading down.
The bat barely misses you. The hobgoblin closely misses you.
The bat barely misses you. The leopard gecko bites you.
The leopard gecko closely misses you. The bat hits you.
The bat hits you but does no damage. The leopard gecko closely misses you.
The bat hits you but does no damage. The bat barely misses you.
The bat barely misses you. The bat closely misses you.
You closely miss the bat. The bat barely misses you.
You closely miss the bat. The bat closely misses you.
You hit the bat.
The bat is moderately wounded.
The bat barely misses you.
You closely miss the bat.
The bat is moderately wounded.
The bat barely misses you.
You hit the bat.
The bat is heavily wounded.
The bat barely misses you.
You barely miss the bat.
The bat is heavily wounded.
The bat misses you.
You barely miss the bat.
The bat is heavily wounded.
The bat closely misses you.
You hit the bat but do no damage.
The bat is heavily wounded.
The bat barely misses you. The bat closely misses you.
You closely miss the bat.
The bat is heavily wounded.
The bat barely misses you. The bat closely misses you. x2
You hit the bat.
You kill the bat!
The leopard gecko hisses menacingly.
You hit the goblin.
The goblin is heavily wounded.
The goblin barely misses you.
You closely miss the goblin.
The goblin is heavily wounded.
The goblin hits you with a club.
* * * LOW HITPOINT WARNING * * *
Casting: Sandblast (safe; 7% risk of failure)
Confirm with . or Enter, or press ? or * to list all spells.
Aiming: Sandblast (safe; 7% risk of failure)
Press: ? - help, Shift-Dir - straight line, f - goblin
Aim: a goblin, wielding a club (heavily wounded)
The blast of sand hits the goblin.
You kill the goblin!
b - 28 stones
Casting: Sandblast (safe; 7% risk of failure)
Confirm with . or Enter, or press ? or * to list all spells.
Aiming: Sandblast (safe; 7% risk of failure)
Press: ? - help, Shift-Dir - straight line, f - leopard gecko
Aim: a leopard gecko (clinging)
The blast of sand hits the leopard gecko.
You kill the leopard gecko!
Training target 2.6 for Spellcasting reached!
You need to enable at least one skill for training.
You have reached level 2!
Your demonic ancestry asserts itself...
A pair of horns grows on your head!
b - 27 stones Are you sure you want to abandon this character and quit the game? (Confirm with "yes".)

#########
........# #@#
#)#.# #g#.#
#######g#.#
##
#.........# .
#.........#
.##.........#
............#
##.........#


You could see a hobgoblin and a goblin.

Vanquished Creatures
  A leopard gecko (D:1)
  2 bats (D:1)
  2 goblins (D:1)
  A rat (D:1)
6 creatures vanquished.

Notes
Turn   | Place    | Note
-------+----------+-------------------------------------------
     0 | D:1      | Amnesiac the Demonspawn Earth Elementalist began the quest for the Orb.
     0 | D:1      | Reached XP level 1. HP: 13/13 MP: 3/3
   100 | D:1      | Gained mutation: You have a pair of small horns on your head. [demonic ancestry]
   100 | D:1      | Reached XP level 2. HP: 9/19 MP: 1/5
   101 | D:1      | Quit the game

Vault maps used:
D:1:      dpeg_arrival_ternary, minmay_tetromino_s4

Action                   || total
-------------------------++-------
Melee: Club              ||    21
       Unarmed           ||     4
 Cast: Sandblast         ||     3
Armor: Robe              ||    12
Dodge: Dodged            ||    37

Table legend:
 A = Spawn XP
 B = Non-spawn XP
 C = Spawn XP percentage of total XP
 D = Spawn monster count
 E = Non-spawn monster count
 F = Spawn count percentage of total count
 G = Total turns spent on level
                    A         B        C        D         E        F      G
               +---------+---------+-------+---------+---------+-------+---------
         Total |       0 |      12 |   0.0 |       0 |       6 |   0.0 |   101
               +---------+---------+-------+---------+---------+-------+---------
           D:1 |       0 |      12 |   0.0 |       0 |       6 |   0.0 |   101
               +---------+---------+-------+---------+---------+-------+---------
